 Dungeon Crawl Stone Soup version 0.31-a0-640-g39d97e502b (webtiles) character file.

Game seed: 11437753345554889651

6169 Shayle the Grappler (level 10, -3/88 HPs)
             Began as an Ogre Shapeshifter on Aug 28, 2023.
             Was a Follower of Kikubaaqudgha.
             Succumbed to a water moccasin's poison
             ... on level 1 of the Lair of Beasts.
             The game lasted 00:38:50 (9352 turns).

Shayle the Grappler (Ogre Shapeshifter)             Turns: 9352, Time: 00:38:51

Health: -3/88      AC:  4    Str: 26    XL:     10   Next: 90%
Magic:  8/15       EV:  9    Int: 15    God:    Kikubaaqudgha [*.....]
Gold:   491        SH:  0    Dex:  8    Spells: 9/16 levels left

rFire   . . .        r - +5 trident (protect)
rCold   . . .        (no shield)
rNeg    . . .        a - +1 animal skin
rPois   .            (helmet restricted)
rElec   .            (no cloak)
rCorr   .            (gloves unavailable)
SInv    .            (boots unavailable)
Will    +....        v - amulet of guardian spirit
Stlth   +            h - +6 ring of strength
HPRegen 0.34/turn    (no ring)
MPRegen 0.14/turn

%: guardian spirit
@: mighty, lethally poisoned (-3 -> -31)
A: large, unfitting armour, tough skin 1
a: Renounce Religion, Unearth Wretches


You were on level 1 of the Lair of Beasts.
You worshipped Kikubaaqudgha.
Kikubaaqudgha was aware of your devotion.
You visited 3 branches of the dungeon, and saw 10 of its levels.
You also visited: Sewer.

You collected 491 gold pieces.

Inventory:

Hand Weapons
 l - a +0 quarterstaff of freezing
 r - a +5 trident of protection (weapon)
Missiles
 k - 4 atropa-tipped darts
 s - a throwing net
Armour
 a - a +1 animal skin (worn)
 e - a +2 robe of cold resistance
Jewellery
 b - a ring of ice
 h - a +6 ring of strength (left hand)
 v - an amulet of guardian spirit (around neck)
Talismans
 c - a beast talisman
 d - a flux talisman
Scrolls
 i - a scroll of fog
 j - a scroll of brand weapon
 o - 3 scrolls of identify
 u - 2 scrolls of amnesia
Potions
 f - a potion of attraction {unknown}
 p - a potion of mutation {unknown}
 q - a potion of degeneration {unknown}
 t - a potion of haste {unknown}
 x - a potion of enlightenment {unknown}
 z - 3 potions of might


   Skills:
 - Level 2.6 Fighting
 - Level 1.7 Dodging
 - Level 10.4 Unarmed Combat
 + Level 3.8 Spellcasting
 + Level 2.6 Necromancy
 - Level 10.3 Shapeshifting


You had 9 spell levels left.
You knew the following spells:

 Your Spells              Type           Power      Damage    Failure   Level
a - Confusing Touch       Hex            2%         N/A       50%         3
b - Vampiric Draining     Necr           10%        2d6       19%         3
c - Necrotise             Necr           40%        1d6       6%          1

Your spell library contained the following spells:

 Spells                   Type           Power      Damage    Failure   Level
 Kiss of Death            Conj/Necr      24%        2d7       11%         1
 Apportation              Tloc           4%         N/A       19%         1
 Slow                     Hex            8%         N/A       19%         1
 Animate Dead             Necr           10%        N/A       52%         4
 Alistair's Intoxication  Tmut/Pois      1%         N/A       99%         5


Dungeon Overview and Level Annotations

Branches:
Dungeon (8/15)             Temple (1/1) D:6            Lair (1/5) D:8
  Sewer (visited)

Altars:
Ashenzari
Cheibriados
Dithmenos
Elyvilon
Fedhas
Gozag
Hepliaklqana
Kikubaaqudgha
Makhleb
Nemelex Xobeh
Okawaru
Ru
Sif Muna
Uskayaw
Vehumet
Wu Jian
Xom
Yredelemnul
Zin
The Shining One


Innate Abilities, Weirdness & Mutations

You are too large for most types of armour.
You have tough skin. (AC +1)


Message History

The water moccasin closely misses you.
The water moccasin bites you but does no damage.
You hit the water moccasin.
The water moccasin is severely wounded.
The water moccasin bites you.
You are poisoned.
The water moccasin poisons you!
The water moccasin bites you but does no damage.
You barely miss the water moccasin. Your punch misses the water moccasin.
The water moccasin is severely wounded.
You feel very sick.
The water moccasin bites you but does no damage.
The water moccasin bites you.
* * * LOW HITPOINT WARNING * * *
Unknown command.
You closely miss the water moccasin.
The water moccasin is severely wounded.
You feel very sick. The water moccasin barely misses you.
You barely miss the water moccasin.
The water moccasin is severely wounded.
You feel very sick. The water moccasin bites you!
* * * LOW HITPOINT WARNING * * *
You are lethally poisoned!
The water moccasin poisons you! The water moccasin bites you.
* * * LOW HITPOINT WARNING * * *
You are more poisoned.
The water moccasin poisons you!
Okay, then.
You barely miss the water moccasin.
The water moccasin is severely wounded.
* * * LOW HITPOINT WARNING * * *
You feel extremely sick.
The water moccasin barely misses you. x2
Unknown command.
It was a potion of might.
You feel very mighty all of a sudden.
You die...
Kikubaaqudgha rasps: "You have failed me!
Welcome... death!"

## #..P#.## #.......
##.....####..##..#
##...#......#....
#................
#.......###.....#
#.###....##....†#
#.###....###.##†.
#####.P##..#####.####
#...@.###### #..<.# #
#..#S### ###.## # ...
### #.... #.... ♣P.~~
♣~~~P ~PP~~


You could see a water moccasin.

Vanquished Creatures
  Fannar (Lair:1)
  A cane toad (Lair:1)
  A rime drake (D:8)
  12 yaks
  3 water moccasins
  A sky beast (D:7)
  5 ice beasts
  2 black bears (D:6)
  2 centaurs
  3 wolves (D:8)
  A phantom (D:6)
  Blork the orc (D:6)
  4 bullfrogs
  3 scorpions
  A wight (D:8)
  4 killer bees (D:8)
  4 hounds
  3 jellies
  A gnoll bouda (D:8)
  3 sleepcaps
  An iguana (D:5)
  3 orc wizards
  A hell rat (Sewer)
  3 gnolls (D:8)
  11 adders
  2 river rats (Sewer)
  3 shadow imps
  A white imp (D:8)
  4 ufetubi
  A worm (D:2)
  17 orcs
  7 endoplasms
  4 giant cockroaches
  6 goblins
  7 hobgoblins
  4 jackals (D:2)
  9 kobolds
  2 quokkas
  5 ball pythons
  7 bats
  7 frilled lizards
  8 rats
169 creatures vanquished.

Vanquished Creatures (collateral kills)
  2 yaks (Lair:1)
2 creatures vanquished.

Grand Total: 171 creatures vanquished

Notes
Turn   | Place    | Note
-------+----------+-------------------------------------------
     0 | D:1      | Shayle the Ogre Shapeshifter began the quest for the Orb.
     0 | D:1      | Reached XP level 1. HP: 19/19 MP: 1/1
   356 | D:1      | Reached XP level 2. HP: 28/28 MP: 3/3
   363 | D:1      | Reached skill level 1 in Spellcasting
   978 | D:2      | Reached XP level 3. HP: 31/36 MP: 3/5
  1140 | D:2      | Reached XP level 4. HP: 34/44 MP: 6/6
  1894 | D:3      | Found a shimmering blue altar of Sif Muna.
  1940 | D:3      | Found a hide-covered altar of Uskayaw.
  2089 | D:3      | Found a shadowy altar of Dithmenos.
  2264 | D:3      | Reached XP level 5. HP: 50/50 MP: 7/7
  2368 | D:3      | Found an iron altar of Okawaru.
  2371 | D:3      | Found a hazy altar of Hepliaklqana.
  2825 | D:4      | Reached XP level 6. HP: 41/59 MP: 8/8
  3100 | D:4      | Found an ornate altar of the Wu Jian Council.
  3521 | D:5      | Entered Level 5 of the Dungeon
  3766 | D:5      | Noticed a water moccasin
  3772 | D:5      | Killed a water moccasin
  3773 | D:5      | Reached skill level 5 in Unarmed Combat
  3773 | D:5      | Reached skill level 5 in Shapeshifting
  3773 | D:5      | Reached XP level 7. HP: 59/66 MP: 9/9
  4134 | D:5      | Found a glowing drain.
  4147 | Sewer    | Entered a sewer
  4870 | D:6      | Reached XP level 8. HP: 74/74 MP: 10/10
  4889 | D:6      | Noticed Blork the orc
  4899 | D:6      | Killed Blork the orc
  5446 | D:6      | Found a staircase to the Ecumenical Temple.
  5454 | Temple   | Entered the Ecumenical Temple
  5469 | Temple   | Became a worshipper of Kikubaaqudgha
  6133 | D:7      | Reached XP level 9. HP: 78/80 MP: 9/11
  6137 | D:7      | Learned a level 3 spell: Confusing Touch
  6141 | D:7      | Learned a level 3 spell: Vampiric Draining
  6686 | D:8      | Noticed a rime drake
  6701 | D:8      | Killed a rime drake
  7237 | D:6      | Reached * piety under Kikubaaqudgha
  7237 | D:6      | Received a gift from Kikubaaqudgha
  7699 | D:8      | Noticed a kobold demonologist
  7719 | D:7      | Reached XP level 10. HP: 60/88 MP: 10/12
  8986 | D:8      | Found a staircase to the Lair.
  9026 | Lair:1   | Entered Level 1 of the Lair of Beasts
  9079 | Lair:1   | Learned a level 1 spell: Necrotise
  9082 | Lair:1   | Noticed a cane toad
  9092 | Lair:1   | Killed a cane toad
  9093 | Lair:1   | Reached skill level 10 in Unarmed Combat
  9093 | Lair:1   | Reached skill level 10 in Shapeshifting
  9234 | Lair:1   | Noticed Fannar
  9248 | Lair:1   | Killed Fannar
  9351 | Lair:1   | HP: 3/88 [poisoned by a water moccasin]
  9352 | Lair:1   | Succumbed to a water moccasin's poison

Illustrated notes

Levels and vault maps discovered:
D:1:      psy_arrival_radial02, layout_rooms
D:2:      layout_rooms, ebering_dispersal_statue_hall
D:3:      layout_basic, nicolae_sif_muna_condensation,
          mainiacjoe_overflow_paths, eat_drink_and_be_merry_uskayaw,
          nicolae_overflow_squiral, serial_curves, eino_curves_01,
          eino_curves_01, bh_walls_and_bars
D:4:      layout_loops_ring, nicolae_wu_jian_immortal_techniques,
          nicolae_figureground_pulse
D:5:      layout_basic, portal_sewer_entry_d
D:6:      layout_basic, minmay_temple_entry_crystal_x, uniq_blork_the_orc
D:7:      nicolae_cairo_tiling_large, layout_rooms, nrook_pool_corridor,
          dk_vineyard_1, minmay_tree_intersection
D:8:      layout_loops_ring, hellmonk_lair_entry_icy
Temple:   nicolae_temple_ecumenical_triangle
Lair:1:   layout_misc_corridors, nicolae_volcano_entry_hallway,
          dreamdust_deal_with_the_devil, chequers_serial_rivers_micro_a,
          serial_bayou_shore_b, uniq_grum, uniq_fannar

Skill      XL: |  1  2  3  4  5  6  7  8  9 10 |
---------------+-------------------------------+-----
Fighting       | 2 |  2.6
Spellcasting   | 1 3 |  3.8
Unarmed Combat | 3 4 5 6 7 9 10 | 10.4
Shapeshifting  | 4 5 6 7 9 10 | 10.3
Necromancy     | 2 |  2.6
Dodging        | |  1.7

Action                     |  1- 3 |  4- 6 |  7- 9 | 10-12 || total
---------------------------+-------+-------+-------+-------++-------
  Melee: Unarmed           |   110 |    67 |   129 |   102 ||   408
         Punch             |       |     3 |     2 |       ||     5
         Trident           |       |    80 |   127 |    16 ||   223
Ability: Begin Untransform |       |       |       |     1 ||     1
  Evoke: Wand              |       |       |     7 |     9 ||    16
    Use: Potion            |     1 |     1 |     4 |    11 ||    17
         Scroll            |       |       |    18 |     5 ||    23
   Stab: Sleeping          |       |     1 |       |       ||     1
         Paralysed         |       |       |     2 |       ||     2
 Armour: Animal skin       |    36 |    45 |    76 |    19 ||   176
         Skin              |       |       |       |     8 ||     8
  Dodge: Dodged            |    63 |    67 |   122 |    49 ||   301
   Form: Flux              |       |       |     1 |       ||     1

Table legend: (Time is in decaauts)
 A = Elapsed time spent in this place.
 B = Non-inter-level travel time spent in this place.
 C = Inter-level travel time spent in this place.
 D = Time resting spent in this place.
 E = Time spent auto-exploring this place.
 F = Levels seen in this place.
 G = Mean time per level.
                   A        B        C        D        E       F      G
               +--------+--------+--------+--------+--------+-----+--------+
         Total |   9381 |   8889 |    492 |   2105 |   4410 |  11 |  852.8 |
       Dungeon |   8823 |   8331 |    492 |   1837 |   4410 |   8 | 1102.9 |
        Temple |     24 |     24 |      0 |      0 |      0 |   1 |   24.0 |
          Lair |    320 |    320 |      0 |    152 |      0 |   1 |  320.0 |
         Sewer |    212 |    212 |      0 |    116 |      0 |   1 |  212.0 |
               +--------+--------+--------+--------+--------+-----+--------+

Top non-repeatable levels by time:
     D:7: 2029 daAuts
     D:6: 1252 daAuts
     D:4: 1059 daAuts
     D:8: 993 daAuts
     D:1: 935 daAuts
     D:5: 904 daAuts
     D:3: 870 daAuts
     D:2: 777 daAuts
  Lair:1: 320 daAuts
   Sewer: 212 daAuts
  Temple: 24 daAuts
